 Dungeon Crawl Stone Soup version 0.23.2-40-g277498a (webtiles) character file.

Game seed: 11292379782159084460

108 Aphrodieselac the Charmwright (level 4, 0/33 HPs)
             Began as a Merfolk Skald on Aug 28, 2019.
             Killed from afar by an orc wizard (6 damage)
             ... with a puff of flame
             ... on level 3 of the Dungeon.
             The game lasted 00:07:21 (1944 turns).

Aphrodieselac the Charmwright (Merfolk Skald)       Turns: 1944, Time: 00:07:21

Health: 0/33       AC:  4    Str: 11    XL:     4   Next: 87%
Magic:  5/7        EV: 12    Int: 13    God:
Gold:   17         SH:  0    Dex: 13    Spells: 2/7 levels left

rFire    . . .     SeeInvis .   a - +0 spear
rCold    . . .     Gourm    .   (no shield)
rNeg     . . .     Faith    .   o - +0 leather armour
rPois    .         Spirit   .   (no helmet)
rElec    .         Reflect  .   j - +0 cloak
rCorr    .         Harm     .   (no gloves)
MR       .....                  (no boots)
Stlth    +.........             (no amulet)
HPRegen  0.11/turn              (no ring)
MPRegen  0.10/turn              (no ring)

@: confused, infused
A: change form in water, swift swim, stealthy swim
a: no special abilities


You were on level 3 of the Dungeon.
You were not hungry.

You visited 1 branch of the dungeon, and saw 3 of its levels.

You collected 17 gold pieces.

Inventory:

Hand Weapons
 a - a +0 spear (weapon)
 b - a +0 hunting sling
Missiles
 k - 31 sling bullets
Armour
 j - a +0 cloak (worn)
 o - a +0 leather armour (worn)
Scrolls
 c - a scroll of identify {unknown}
 e - 2 scrolls of fog {unknown}
 f - a scroll of fear {unknown}
 g - a scroll of magic mapping {unknown}
 h - a scroll of blinking {unknown}
 m - a scroll of remove curse {unknown}
Potions
 i - 2 potions of lignification {unknown}
 l - a potion of curing {unknown}
 n - a potion of brilliance {unknown}
Comestibles
 d - 5 rations


   Skills:
 - Level 2.1 Fighting
 + Level 4.6 Polearms
 - Level 0.6 Armour
 - Level 2.6 Dodging
 - Level 2.0 Spellcasting
 * Level 5.2 Charms


You had 2 spell levels left.
You knew the following spells:

 Your Spells              Type           Power        Failure   Level  Hunger
a - Infusion              Chrm           ###.         3%          1    ##.....
b - Song of Slaying       Chrm           ###.....     6%          2    ###....
c - Shroud of Golubria    Chrm/Tloc      #.........   17%         2    ###....

Your spell library contained the following spells:

 Spells                   Type           Power        Failure   Level  Hunger
 Regeneration             Chrm/Necr      #.........   34%         3    ####...
 Spectral Weapon          Hex/Chrm       #.......     34%         3    ####...


Dungeon Overview and Level Annotations

Branches:
Dungeon (3/15)

Altars:


Message History

You hit the orc.
You kill the orc!
Something hits you but does no damage.
Casting: Infusion (safe; 3% risk of failure)
Confirm with . or Enter, or press ? or * to list all spells.
You begin infusing your attacks with magical energy.
Something hits you but does no damage. Something hits you but does no damage.
You see here a stone.
You see here a stone.
You hear some strange, mumbled words.
A puff of flame appears from out of thin air!
The puff of flame hits you!
* * * LOW HITPOINT WARNING * * *
You hear some strange, mumbled words.
You are confused.
You bump into the rock wall.
A puff of flame appears from out of thin air!
The puff of flame hits you.
You die...

### ##)## ###############.#.##
........(......###<##
.#####..####.## ##.##
##...##..## ##.# ####
#########....##.#.## ##>##
#...###...####..####.##.###.##
....###...(###.@# #.###.#.##
....###.(((###..# #.# ##.##
.#...#...#(.##..# #.# ###
.##.....##..#..## #.#
.###...###....## #..
.###...###...## ### #
##...####### #######


There were no monsters in sight!

Vanquished Creatures
  An orc priest (D:3)
  3 adders (D:2)
  2 dart slugs (D:2)
  2 leopard geckos (D:1)
  An orc (D:3)
  6 bats
  3 giant cockroaches (D:1)
  8 hobgoblins
  A quokka (D:2)
  2 frilled lizards
  8 goblins
  2 kobolds (D:2)
  5 rats
44 creatures vanquished.

Notes
Turn   | Place    | Note
-------+----------+-------------------------------------------
     0 | D:1      | Aphrodieselac the Merfolk Skald began the quest for the
                  | Orb.
     0 | D:1      | Reached XP level 1. HP: 16/16 MP: 3/3
   123 | D:1      | Reached XP level 2. HP: 18/22 MP: 0/5
   290 | D:1      | Reached skill level 4 in Charms
   717 | D:2      | Reached XP level 3. HP: 26/27 MP: 4/6
   785 | D:2      | Learned a level 2 spell: Song of Slaying
   788 | D:2      | Learned a level 2 spell: Shroud of Golubria
   925 | D:2      | Reached XP level 4. HP: 15/33 MP: 0/7
  1863 | D:3      | Reached skill level 5 in Charms
  1944 | D:3      | Killed from afar by an orc wizard

Skill      XL: |  1  2  3  4 |
---------------+-------------+-----
Charms         | 4 5 |  5.2
Polearms       | 4 |  4.6
Fighting       | |  2.1
Armour         | |  0.6
Dodging        | |  2.6
Spellcasting   | |  2.0

Action                   |  1- 3 |  4- 6 || total
-------------------------+-------+-------++-------
Melee: Spear             |   122 |   127 ||   249
 Fire: Hunting sling     |       |     2 ||     2
 Cast: Infusion          |     7 |     6 ||    13
       Shroud of Golubri |     1 |     2 ||     3
       Song of Slaying   |     1 |       ||     1
  Eat: Chunk             |       |     4 ||     4
Armor: Leather armour    |    21 |    36 ||    57
Dodge: Dodged            |    46 |    66 ||   112
